 Dungeon Crawl Stone Soup version 0.30-a0-424-g7412bad402 (webtiles) character file.

Game seed: 16134289334528708153

60 Joey1 the Trooper (level 3, -2/33 HPs)
             Began as a Minotaur Fighter on Dec 9, 2022.
             Killed from afar by Sigmund (4 damage)
             ... with a magic dart
             ... on level 2 of the Dungeon.
             The game lasted 00:03:57 (1121 turns).

Joey1 the Trooper (Minotaur Fighter)                Turns: 1121, Time: 00:04:00

Health: -2/33      AC: 18    Str: 22    XL:     3   Next: 80%
Magic:  2/2        EV:  6    Int:  5    God:
Gold:   41         SH:  4    Dex:  9    Spells: 2/2 levels left

rFire   . . .      SeeInvis .    a - +0 war axe
rCold   . . .      Faith    .    c - +0 buckler
rNeg    . . .      Spirit   .    g - +0 plate armour
rPois   .          Reflect  .    (helmet restricted)
rElec   .          Harm     .    (no cloak)
rCorr   .          Rampage  .    (no gloves)
Will    .....                    e - +2 pair of boots
Stlth   ..........               (no amulet)
HPRegen 0.25/turn                l - +4 ring of slaying
MPRegen 0.08/turn                q - +4 ring of protection

@: lethally poisoned (-2 -> -4), attractive, flying, hasted, very quick
A: horns 2, retaliatory headbutt
a: no special abilities


You were on level 2 of the Dungeon.
You visited 1 branch of the dungeon, and saw 2 of its levels.

You collected 41 gold pieces.

Inventory:

Hand Weapons
 a - a +0 war axe (weapon)
 p - the +6 dagger of Ode Cumes {elec, rElec rC++ Int+3 Stlth-}
   (You found it on level 2 of the Dungeon)

   It occasionally discharges a powerful burst of electricity upon striking a
   foe.
   Int:       It affects your intelligence (+3).
   rC:        It greatly protects you from cold.
   rElec:     It insulates you from electricity.
   Stlth:     It makes you less stealthy.
Armour
 b - a +0 scale mail
 c - a +0 buckler (worn)
 e - a +2 pair of boots (worn)
 g - a +0 plate armour (worn)
Jewellery
 l - a +4 ring of slaying (left hand)
 q - a +4 ring of protection (right hand)
 r - an amulet of faith
Scrolls
 f - 2 scrolls of noise {unknown}
 k - a scroll of brand weapon {unknown}
 n - a scroll of teleportation {unknown}
Potions
 d - 2 potions of might
 j - a potion of cancellation


   Skills:
 + Level 4.2 Fighting
 + Level 3.2 Axes
 - Level 4.0 Armour
 + Level 1.7 Dodging
 - Level 4.0 Shields


You had 2 spell levels left.
You didn't know any spells.
Your spell library contained the following spells:

 Spells                   Type           Power      Damage    Failure   Level
 Sandblast                Erth           0%         2d4       100%        1
 Passwall                 Tmut/Erth      0%         N/A       100%        2
 Ignite Poison            Fire/Tmut/Pois 0%         N/A       100%        3
 Kindle Blastsparks       Fire/Tloc/Air  0%         2d10      100%        3
 Stone Arrow              Conj/Erth      0%         3d7       100%        3
 Olgreb's Toxic Radiance  Pois           0%         N/A       100%        4
 Petrify                  Tmut/Erth      0%         N/A       100%        4
 Freezing Cloud           Conj/Ice/Air   0%         6-21      100%        5
 Metabolic Englaciation   Hex/Ice        0%         N/A       100%        5
 Statue Form              Tmut/Erth      0%         N/A       100%        6
 Ozocubu's Refrigeration  Ice            0%         4d7       100%        7
 Ignition                 Fire           0%         3d3       100%        8


Dungeon Overview and Level Annotations

Branches:
Dungeon (2/15)

Altars:

Annotations:
D:1 1 transporter
D:2 Sigmund


Innate Abilities, Weirdness & Mutations

You have a pair of horns on your head.
You reflexively headbutt those who attack you in melee.


Message History

You are lethally poisoned!
You feel very sick.
You are too confused!
You are too confused!
It was a potion of cancellation.
Your magical effects are unravelling.
You feel magically purged.
You feel less confused.
You feel very sick.
* * * LOW HITPOINT WARNING * * *
You feel very sick.
It was a potion of haste.
You feel yourself speed up.
* * * LOW HITPOINT WARNING * * *
You feel sick. Sigmund barely misses you.
* * * LOW HITPOINT WARNING * * *
You feel sick.
Found a scroll labelled OREIREMM UXEU.
* * * LOW HITPOINT WARNING * * *
You feel sick.
It was a potion of flight.
You feel very buoyant.
You fly up into the air.
* * * LOW HITPOINT WARNING * * *
You feel sick.
It was a potion of magic.
Magic courses through your body.
* * * LOW HITPOINT WARNING * * *
You feel sick.
An endoplasm comes into view.
* * * LOW HITPOINT WARNING * * *
You feel sick.
The endoplasm quivers.
* * * LOW HITPOINT WARNING * * *
You feel sick.
It was a potion of attraction.
You feel attractive to monsters.
* * * LOW HITPOINT WARNING * * *
You feel sick.
Sigmund points at you and mumbles some strange words.
The magic dart hits you.
You die...

.........###.# #
.............##############
####........#............##
#........#............#
##.......#............#
#.....@.#............#
#.......#............##
#.......#............'.
#.....@.#............#.
#.......#............#.
#.......#..........(.##
#.......############.#
#.J.....# #.## #.......#
#... ######### #### # #


You could see Sigmund and an endoplasm.

Vanquished Creatures
  Robin (D:2)
  A worm (D:2)
  A dart slug (D:1)
  3 ball pythons
  5 bats
  3 endoplasms
  A giant cockroach (D:1)
  9 hobgoblins (D:2)
  2 quokkas (D:1)
  A frilled lizard (D:1)
  9 goblins
  2 kobolds
  A rat (D:2)
39 creatures vanquished.

Vanquished Creatures (others)
  5 plants (D:2)
5 creatures vanquished.

Grand Total: 44 creatures vanquished

Notes
Turn   | Place    | Note
-------+----------+-------------------------------------------
     0 | D:1      | Joey1 the Minotaur Fighter began the quest for the Orb.
     0 | D:1      | Reached XP level 1. HP: 19/19 MP: 0/0
   273 | D:1      | Reached XP level 2. HP: 27/27 MP: 1/1
   627 | D:2      | Reached skill level 1 in Dodging
   742 | D:2      | Identified the +6 dagger of Ode Cumes {elec, rElec rC++
                  | Int+3 Stlth-}
   752 | D:2      | Reached XP level 3. HP: 33/33 MP: 2/2
   831 | D:2      | Noticed Robin
   846 | D:2      | Killed Robin
  1104 | D:2      | Noticed Sigmund
  1121 | D:2      | Killed from afar by Sigmund

Illustrated notes

Levels and vault maps discovered:
D:1:      spicycebolla_arrival_risky_transporter, layout_rooms, minivault_27,
          wad_floor_pattern_2, wander_ebering_terrifying_dragon_lair
D:2:      layout_basic, serial_bayou_lagoon_b, uniq_robin, uniq_sigmund

Skill      XL: |  1  2  3 |
---------------+----------+-----
Dodging        | 1 |  1.7
Fighting       | 4 |  4.2
Shields        | 4 |  4.0
Armour         | 4 |  4.0
Axes           | 3 |  3.2

Action                   || total
-------------------------++-------
Melee: War axe           ||    88
       Headbutt          ||     6
  Use: Potion            ||     5
Armor: Plate armour      ||   101
       Scale mail        ||     1
Dodge: Dodged            ||    35
Block: Buckler           ||    34

Table legend: (Time is in decaauts)
 A = Elapsed time spent in this place.
 B = Non-inter-level travel time spent in this place.
 C = Inter-level travel time spent in this place.
 D = Time resting spent in this place.
 E = Time spent auto-exploring this place.
 F = Levels seen in this place.
 G = Mean time per level.
                   A        B        C        D        E       F      G
               +--------+--------+--------+--------+--------+-----+--------+
         Total |   1163 |   1149 |     14 |      0 |    856 |   2 |  581.5 |
       Dungeon |   1163 |   1149 |     14 |      0 |    856 |   2 |  581.5 |
               +--------+--------+--------+--------+--------+-----+--------+

Top non-repeatable levels by time:
     D:2: 582 daAuts
     D:1: 580 daAuts
